 Dungeon Crawl Stone Soup version 0.31-a0-750-gfe7b580527 (webtiles) character file.

Game seed: 13055954911511932874

2 cforsyth the Sneak (level 1, 0/20 HPs)
             Began as a Djinni Delver on Sept 15, 2023.
             Slain by a scorpion zombie (3 damage)
             ... on level 4 of the Dungeon.
             The game lasted 00:00:15 (185 turns).

cforsyth the Sneak (Djinni Delver)                   Turns: 185, Time: 00:00:15

Health: 0/20       AC:  3    Str: 11    XL:     1   Next: 44%
Gold:   10         EV: 12    Int: 11    God:
                   SH:  0    Dex: 14

rFire   + + .        a - +0 falchion
rCold   x . .        (no shield)
rNeg    . . .        b - +0 leather armour
rPois   ∞            (no helmet)
rElec   .            (no cloak)
rCorr   .            (no gloves)
SInv    .            (boots unavailable)
Will    .....        (no amulet)
Stlth   ++           (no ring)
HPRegen 0.23/turn    (no ring)
MPRegen 0.00/turn

%: infuse magic (-1 HP)
@: flying
A: sickness immunity, fire resistance 2, cold vulnerability 1, float, innate
caster, HP casting, extra vitality 1
a: no special abilities


You were on level 4 of the Dungeon.
You visited 1 branch of the dungeon, and saw 2 of its levels.

You collected 10 gold pieces.

Inventory:

Hand Weapons
 a - a +0 falchion (weapon)
Armour
 b - a +0 leather armour (worn)
Wands
 g - a wand of digging (3)
Scrolls
 c - a scroll of fog
 d - a scroll of revelation
 e - a scroll of fear
 h - a scroll of immolation {unknown}
Potions
 f - a potion of haste


   Skills:
 + Level 3.0 Fighting
 - Level 1.7 Long Blades
 - Level 2.1 Dodging
 - Level 4.1 Stealth
 + Level 0.1 Spellcasting
 + Level 0.1 Conjurations
 + Level 0.1 Hexes
   Level 0.0 Charms
 + Level 0.1 Summonings
 + Level 0.1 Necromancy
 + Level 0.1 Translocations
 + Level 0.1 Transmutations
 + Level 0.1 Fire Magic
 + Level 0.1 Ice Magic
 + Level 0.1 Air Magic
 + Level 0.1 Earth Magic
 + Level 0.1 Poison Magic You didn't know any spells. Your spell library was empty.

Dungeon Overview and Level Annotations

Branches:
Dungeon (5/15)
 Temple: D:4-7

Altars:


Innate Abilities, Weirdness & Mutations

You are immune to sickness and miasma.
You are immune to poison.
Your flesh is very heat resistant. (rF++)
You are vulnerable to cold. (rC-)
You float through the air rather than walking.
You learn spells naturally, not from books.
Your magical power is your life essence.
You have superior vitality. (+4 MHP)


Message History

There are monsters nearby!
There are monsters nearby!
You hit the scorpion zombie.
The scorpion zombie is lightly damaged.
The scorpion zombie hits you.
You hit the scorpion zombie but do no damage.
The scorpion zombie is lightly damaged.
The scorpion zombie closely misses you.
You hit the scorpion zombie but do no damage.
The scorpion zombie is lightly damaged.
The scorpion zombie misses you.
You hit the scorpion zombie.
The scorpion zombie is moderately damaged.
The quokka zombie closely misses you. The scorpion zombie hits you.
The quokka zombie completely misses you.
The scorpion zombie hits you.
You hit the scorpion zombie.
The scorpion zombie is heavily damaged.
The scorpion zombie hits you. The quokka zombie misses you.
You are too injured to fight recklessly!
You are too injured to fight recklessly!
You are too injured to fight recklessly!
You are too injured to fight recklessly!
You are too injured to fight recklessly!
You are too injured to fight recklessly!
You are too injured to fight recklessly!
You hit the scorpion zombie.
The scorpion zombie is severely damaged.
The scorpion zombie hits you. The quokka zombie barely misses you.
You hit the scorpion zombie but do no damage.
The scorpion zombie is severely damaged.
The quokka zombie bites you.
* * * LOW HITPOINT WARNING * * *
The scorpion zombie hits you.
* * * LOW HITPOINT WARNING * * *
You hit the scorpion zombie but do no damage.
The scorpion zombie is severely damaged.
The scorpion zombie closely misses you. The quokka zombie barely misses you.
The scorpion zombie hits you.
You die...

#.....#
......###.####
.....> #....#
##### #.##.#
...##.#
#.#####.# #
#.# #.#####)#
#...Z@..#
#...Z.....#
......!.#####
###P.)..#
#.....#
#..8..#
##....# ######


You could see a quokka zombie and a scorpion zombie.

Vanquished Creatures
  A kobold (D:4)
  A quokka (D:5)
2 creatures vanquished.

Notes
Turn   | Place    | Note
-------+----------+-------------------------------------------
     0 | D:5      | cforsyth the Djinni Delver began the quest for the Orb.
     0 | D:5      | Reached XP level 1. HP: 20/20 MP: 0/0
   132 | D:5      | Noticed an ogre
   185 | D:4      | Slain by a scorpion zombie

Illustrated notes

Levels and vault maps discovered:
D:4:      layout_loops_ring, nicolae_wu_jian_wuxing_cycle, serial_undead,
          serial_undead_a, serial_undead_f, serial_undead_b, serial_undead_c,
          minmay_misc_feat_alley, uniq_pikel, uniq_eustachio, uniq_ijyb
D:5:      layout_rooms, old_standard_altar, st_stairs_2, uniq_prince_ribbit1

Action                     || total
---------------------------++-------
  Melee: Falchion          ||    25
         Punch             ||     1
   Stab: Sleeping          ||     1
 Armour: Leather armour    ||    17
  Dodge: Dodged            ||    20

Table legend: (Time is in decaauts)
 A = Elapsed time spent in this place.
 B = Non-inter-level travel time spent in this place.
 C = Inter-level travel time spent in this place.
 D = Time resting spent in this place.
 E = Time spent auto-exploring this place.
 F = Levels seen in this place.
 G = Mean time per level.
                   A        B        C        D        E       F      G
               +--------+--------+--------+--------+--------+-----+--------+
         Total |    190 |    190 |      0 |      0 |    133 |   2 |   95.0 |
       Dungeon |    190 |    190 |      0 |      0 |    133 |   2 |   95.0 |
               +--------+--------+--------+--------+--------+-----+--------+

Top non-repeatable levels by time:
     D:5: 141 daAuts
     D:4: 48 daAuts
